Map: 紫晶浪漫-天梯版

Players

llllllllllll (Coffee)

  • Race: Terran Terran
  • League: Master

cyan - Winner!

  • Race: Protoss Protoss
  • League: Grandmaster

Event: DreamHack SC2 Masters 2021 Winter

VOD

Have the link to the VOD?

Description

Time

  • Played on: Oct. 10, 2021, 7:43 a.m.
  • Length: 15:00

All games in this series

Show
View Real Time Build Order
Export as new Build Order

llllllllllll Terran 

Build Orders: Reaper Expand 

Get SALT Encoding   

  12  0:00  SCV  
  13  0:12  SCV  
  14  0:17  Supply Depot  
  14  0:24  SCV  
  15  0:38  SCV  
  15  0:40  Barracks  
  16  0:43  Refinery  
  16  0:51  SCV  
  17  1:03  SCV  
  18  1:15  SCV  
  19  1:28  Reaper, Orbital Command  
  20  1:41  Command Center  
  20  1:51  Supply Depot  
  20  1:54  SCV  
  20  1:59  Marine  
  22  2:06  SCV  
  23  2:09  Factory  
  23  2:18  SCV, Marine  
  25  2:23  Bunker  
  25  2:30  SCV  
  26  2:37  Barracks  
  26  2:38  Barracks Reactor  
  26  2:43  SCV, Refinery  
  27  2:56  Orbital Command  
  27  3:07  SCV, Factory Tech Lab  
  27  3:09  Barracks  
  28  3:16  Marine x2  
  30  3:20  SCV  
  30  3:23  SCV  
  30  3:25  Barracks Tech Lab  
  32  3:27  Cyclone  
  32  3:32  SCV  
  36  3:34  Marine x2  
  36  3:37  SCV  
  39  3:45  Stimpack, Marine  
  39  3:47  Supply Depot  
  40  3:52  Marine x2  
  40  3:54  SCV x2  
  44  3:57  Barracks Tech Lab  
  43  4:03  Marine  
  43  4:10  Marine  
  43  4:16  SCV x2  
  46  4:22  Combat Shield  
  46  4:25  Marine x2  
  46  4:26  Siege Tank  
  46  4:30  SCV x2  
  53  4:31  Supply Depot  
  53  4:34  Marine  
  53  4:35  Marine  
  54  4:41  Supply Depot  
  54  4:52  Marine x3  
  54  4:53  Supply Depot, SCV x2  
  54  4:55  Marine  
  60  5:03  Siege Tank  
  60  5:05  SCV x2  
  65  5:08  Engineering Bay  
  65  5:10  Refinery  
  65  5:12  Marine x3  
  68  5:17  SCV x2  
  70  5:22  Starport  
  70  5:25  Supply Depot  
  70  5:29  SCV x2  
  70  5:35  Missile Turret  
  71  5:39  Marine x2  
  71  5:40  Marine x2  
  71  5:41  Siege Tank  
  78  5:43  Missile Turret  
  78  5:48  SCV  
  80  5:57  Supply Depot, SCV, Marine x3  
  80  6:03  Terran Infantry Weapons Level 1  
  82  6:05  Marine  
  82  6:06  Starport Reactor  
  81  6:15  Marine  
  80  6:26  Marine x2  
  80  6:29  Missile Turret  
  82  6:34  Bunker x2  
  82  6:36  Marine  
  83  6:40  Marine  
  83  6:44  Marine  
  83  6:47  SCV x2, Bunker  
  87  6:48  Medivac x2, Siege Tank, Bunker  
  94  6:58  Marine  
  94  7:00  Marine  
  94  7:01  Marine  
  88  7:15  Marine  
  71  7:24  Marine x2  
  71  7:25  Siege Tank  
  71  7:27  SCV  
  71  7:28  SCV  
  71  7:29  Medivac x2  
  80  7:31  Barracks  
  80  7:32  Marine  
  80  7:33  Marine, Barracks  
  82  7:42  Marine  
  80  7:46  Marine  
  66  7:51  Marine  
  66  7:52  SCV, Marine  
  66  7:54  SCV  
  66  7:57  Siege Tank  
  73  7:59  Terran Infantry Armor Level 1  
  73  8:08  Marine x2  
  73  8:09  Medivac  
  77  8:15  Marine x2  
  77  8:18  Marine  
  80  8:21  Marine  
  80  8:24  Refinery  
  80  8:25  Supply Depot  
  80  8:26  Marine x2  
  83  8:29  SCV x2, Siege Tank  
  83  8:33  Marine x2  
  90  8:36  Marine  
  90  8:39  Marine  
  92  8:41  SCV x2  
  92  8:47  Liberator x2, Marine x2  
  92  8:48  Supply Depot  
  102  8:50  Supply Depot  
  102  9:09  SCV, Marine x4  
  110  9:10  Siege Tank  
  110  9:12  SCV, Marine x2  
  110  9:14  Supply Depot  
  113  9:24  Missile Turret  
  110  9:27  Marine x4  
  110  9:30  Marine  
  115  9:32  Missile Turret  
  109  9:40  Bunker  
  109  9:45  Marine  
  106  9:47  Bunker  
  106  9:49  Marine  
  106  9:57  Bunker  
  106  9:58  Marine  
  107  10:01  Marine x2  
  107  10:05  Marine  
  110  10:07  SCV  
  110  10:09  SCV  
  80  10:23  Barracks Reactor  
  80  10:25  Marine  
  80  10:26  Marine x2  
  80  10:30  Marine  
  80  10:31  SCV x2  
  82  10:35  Siege Tank  
  82  10:37  Marine  
  80  10:52  Marine x2  
  80  10:53  Marine x2  
  80  10:54  Marine  
  84  10:58  Bunker x2  
  84  11:05  Marine x2  
  84  11:08  Siege Tank  
  84  11:10  Marine x3  
  92  11:18  Liberator, Missile Turret  
  95  11:20  Marine x2  
  95  11:24  Marine x2  
  99  11:30  Marine  
  97  11:39  Marine  
  93  11:42  Liberator  
  93  11:45  Marine  
  79  11:54  Marine x2  
  79  11:55  Marine  
  79  11:59  Marine  
  79  12:00  Liberator  
  66  12:02  Marine x2  
  66  12:03  Ghost Academy  
  66  12:05  SCV  
  63  12:10  Marine  
  63  12:12  Marine  
  68  12:15  Siege Tank  
  68  12:22  Barracks Tech Lab  
  68  12:34  Marine x4  
  72  12:48  Marine  
  74  12:52  Ghost  
  74  12:53  Ghost  
  74  12:54  Medivac  
  74  12:58  Medivac  
  78  13:07  Marine x3  
  78  13:08  Marine  
  82  13:16  Enhanced Shockwaves  
  82  13:27  Medivac  
  82  13:28  Medivac  
  86  13:35  Ghost  
  88  13:43  Marine x2  
  88  13:44  Marine x2  
  92  13:55  Supply Depot  
  92  13:57  Supply Depot  
  92  14:12  Marine x4  
  92  14:13  Marine x3  
  91  14:39  Marine x3  
  91  14:40  Marine  
Show
View Real Time Build Order
Export as new Build Order

cyan Protoss - Winner!

Build Orders: 1 Gate Expand, Oracle Opening, Phoenix Opening 

Get SALT Encoding   

  12  0:00  Probe  
  13  0:12  Probe  
  14  0:17  Pylon  
  14  0:24  Probe (Chrono Boost)  
  15  0:36  Probe (Chrono Boost)  
  15  0:37  Gateway  
  16  0:44  Probe (Chrono Boost)  
  16  0:46  Assimilator  
  17  0:51  Probe  
  18  1:03  Probe  
  19  1:15  Probe  
  20  1:24  Cybernetics Core  
  20  1:33  Nexus  
  20  1:36  Probe  
  21  1:43  Pylon  
  21  1:48  Probe  
  21  1:52  Assimilator  
  22  1:58  Adept (Chrono Boost)  
  22  2:00  Probe (Chrono Boost)  
  25  2:12  Probe (Chrono Boost)  
  26  2:20  Probe (Chrono Boost)  
  26  2:21  Adept (Chrono Boost)  
  28  2:25  Stargate  
  28  2:26  Probe  
  29  2:39  Warp Gate, Probe  
  30  2:47  Probe  
  30  2:48  Adept (Chrono Boost)  
  30  2:51  Probe  
  34  2:59  Probe  
  34  3:03  Probe  
  36  3:08  Oracle (Chrono Boost)  
  36  3:12  Probe  
  40  3:13  Shield Battery  
  40  3:15  Probe  
  41  3:24  Probe  
  41  3:27  Probe, Pylon  
  42  3:32  Gateway  
  42  3:34  Gateway  
  43  3:36  Probe  
  43  3:40  Phoenix  
  46  3:47  Probe (Chrono Boost)  
  46  3:48  Probe (Chrono Boost)  
  48  3:51  Pylon  
  48  4:00  Probe (Chrono Boost)  
  48  4:02  Probe (Chrono Boost)  
  50  4:05  Phoenix (Chrono Boost)  
  51  4:13  Probe  
  50  4:19  Probe  
  51  4:26  Probe  
  51  4:27  Phoenix (Chrono Boost)  
  51  4:30  Nexus  
  53  4:32  Shield Battery  
  53  4:33  Adept x2  
  53  4:37  Adept  
  59  4:40  Probe  
  59  4:41  Probe  
  59  4:44  Pylon  
  61  4:53  Assimilator  
  61  4:54  Probe  
  61  4:55  Assimilator  
  62  5:02  Phoenix (Chrono Boost), Probe, Pylon  
  65  5:07  Probe  
  65  5:11  Twilight Council  
  65  5:13  Forge  
  66  5:14  Probe  
  66  5:17  Sentry  
  66  5:20  Probe  
  70  5:24  Protoss Ground Armor Level 1 (Chrono Boost)  
  70  5:26  Probe  
  71  5:29  Gateway  
  71  5:32  Probe  
  71  5:34  Charge (Chrono Boost)  
  71  5:35  Gateway x2  
  72  5:38  Sentry  
  72  5:39  Probe  
  75  5:52  Adept  
  75  5:53  Adept  
  75  5:55  Shield Battery  
  79  6:01  Adept  
  81  6:04  Shield Battery  
  81  6:06  Shield Battery  
  81  6:07  Pylon  
  81  6:13  Gateway  
  81  6:18  Gateway  
  81  6:19  Stalker, Sentry  
  81  6:23  Stalker  
  85  6:27  Pylon  
  85  6:30  Stalker  
  87  6:36  Stalker x2  
  91  6:48  Zealot x2  
  95  6:57  Zealot  
  95  7:05  Zealot x2  
  93  7:09  Zealot x2  
  93  7:13  Zealot x2  
  88  7:19  Zealot  
  82  7:23  Phoenix  
  82  7:24  Gateway  
  82  7:27  Zealot x2  
  86  7:31  Zealot  
  86  7:32  Zealot  
  86  7:36  Zealot x2  
  88  7:48  Phoenix  
  88  7:53  Probe x2 (Chrono Boost)  
  91  7:59  Probe (Chrono Boost), Templar Archives  
  91  8:03  Probe (Chrono Boost)  
  92  8:07  Probe (Chrono Boost)  
  92  8:08  Zealot x3  
  92  8:09  Zealot  
  101  8:14  Phoenix  
  101  8:19  Pylon  
  101  8:23  Pylon  
  101  8:28  Pylon  
  101  8:32  Robotics Facility  
  101  8:37  Assimilator, Probe x3  
  101  8:38  Sentry  
  106  8:41  Phoenix (Chrono Boost)  
  106  8:42  Assimilator  
  106  8:44  High Templar x4  
  106  8:46  Protoss Ground Weapons Level 1  
  116  8:51  Archon x2  
  116  8:52  Probe x2  
  116  8:53  Probe  
  119  8:59  Phoenix (Chrono Boost)  
  121  9:04  Probe x2  
  121  9:08  Zealot x2  
  125  9:12  Pylon x2  
  125  9:14  Pylon  
  124  9:31  Pylon, High Templar x2  
  124  9:32  Zealot x5  
  124  9:34  Pylon  
  124  9:36  Archon  
  136  9:44  Zealot  
  138  9:52  Zealot x4  
  140  9:53  Zealot  
  140  9:57  Phoenix  
  140  9:59  Immortal (Chrono Boost)  
  152  10:07  Zealot x2  
  152  10:08  Gateway  
  152  10:10  Gateway  
  132  10:19  Zealot  
  132  10:20  Zealot x4  
  111  10:27  Zealot x2  
  96  10:44  Zealot x5  
  82  10:53  High Templar x2  
  80  10:58  Archon  
  84  11:04  High Templar x2  
  84  11:05  High Templar x3  
  84  11:09  Archon x2  
  84  11:13  High Templar  
  84  11:14  Zealot  
  84  11:18  Archon  
  86  11:30  High Templar x2  
  85  11:35  Archon  
  85  11:36  Zealot  
  85  11:37  Zealot x4  
  93  11:41  Zealot  
  77  12:04  Nexus  
  77  12:06  Zealot x2, Sentry, High Templar x2  
  77  12:07  Robotics Facility, Zealot  
  89  12:10  Archon  
  89  12:14  Assimilator  
  89  12:15  Zealot  
  91  12:21  Probe x2  
  93  12:24  Zealot  
  93  12:28  Phoenix (Chrono Boost)  
  97  12:34  Stalker  
  98  12:37  Stalker  
  98  12:48  Phoenix  
  100  12:56  Probe  
  100  12:57  Probe  
  98  13:00  Observer (Chrono Boost)  
  98  13:03  Shield Battery  
  98  13:05  Shield Battery  
  99  13:09  Probe x2  
  101  13:13  High Templar x2  
  101  13:18  Archon  
  105  13:21  Immortal  
  105  13:22  Zealot  
  111  13:27  Zealot  
  113  13:34  Probe x3  
  113  13:38  Pylon  
  116  13:41  Phoenix (Chrono Boost)  
  116  13:46  Probe  
  119  13:55  Zealot  
  121  14:00  Shield Battery x2  
  121  14:01  Phoenix (Chrono Boost), High Templar x2  
  127  14:05  Archon  
  127  14:07  Zealot x2  
  131  14:15  Probe  
  132  14:28  High Templar x2  
  132  14:31  Zealot x5  
  144  14:34  Archon  
  146  14:39  Zealot x2  
  126  14:53  Zealot x4  

Tags
 
Add a new tag
Caveats
  • Supply blocks, unpowered buildings, or Contaminate may cause inaccurate times.
  • Supply counts are checked every 10 seconds.